 Dungeon Crawl Stone Soup version 0.13-a0-2910-g7a74111 (webtiles) character file.

124 PolkaDot the Sneak (level 3, 0/22 HPs)
             Began as a Vampire Wizard on Sept 1, 2013.
             Succumbed to a worker ant's poison
             ... on Level 4 of the Dungeon.
             The game lasted 00:05:15 (1071 turns).

PolkaDot the Sneak (Vampire Wizard)                 Turns: 1071, Time: 00:05:16

HP   0/22        AC  2     Str  6      XL: 3   Next: 21%
MP   1/10        EV 18     Int 21      God:
Gold 87          SH  0     Dex 17      Spells:  2 memorised,  4 levels left

Res.Fire  : . . .   See Invis. : +   g - +2,+3 dwarf short sword
Res.Cold  : . . .   Warding    : .   a - +0 robe
Life Prot.: + . .   Conserve   : .   (no shield)
Res.Poison: .       Res.Corr.  : .   b - +0 wizard hat
Res.Elec. : .       Clarity    : .   (no cloak)
Sust.Abil.: . .     Spirit.Shd : .   (no gloves)
Res.Mut.  : .       Stasis     : .   (no boots)
Res.Rott. : .       Flight     : .   (no amulet)
Saprovore : . . .                    (no ring)
                                     (no ring)

@: agile, mildly poisoned, very slightly contaminated, slightly resistant to
hostile enchantments, quite stealthy
A: fangs 3, see invisible, unbreathing
a: Bat Form


You were on level 4 of the Dungeon.
You were not thirsty.

You visited 1 branch of the dungeon, and saw 4 of its levels.

You collected 67 gold pieces.

Inventory:

Hand weapons
 g - a +2,+3 dwarven short sword (weapon)
Armour
 a - a +0 robe (worn)
 b - a +0 wizard hat (worn)
Scrolls
 d - a scroll of identify
Books
 c - a book of Minor Magic

   Spells                             Type                      Level
   *Magic Dart                        Conjuration                  1
   Blink                              Translocation                2
   Call Imp                           Summoning                    2
   Repel Missiles                     Charms/Air                   2
   Slow                               Hexes                        2
   *Conjure Flame                     Conjuration/Fire             3
   Mephitic Cloud                     Conjuration/Poison/Air       3


   Skills:
 - Level 2.1 Dodging
 - Level 3.0 Stealth
 - Level 3.0 Spellcasting
 * Level 2.3 Conjurations
   Level 1.0 Summonings
   Level 0.7 Translocations


You had 4 spell levels left.
You knew the following spells:

 Your Spells              Type           Power        Failure   Level  Hunger
a - Magic Dart            Conj           ##..         6%          1    None
s - Conjure Flame         Conj/Fire      #.......     30%         3    ###....


Dungeon Overview and Level Annotations

Branches:
Dungeon (4/27)
 Temple: D:4-7

Altars:


Innate Abilities, Weirdness & Mutations

You have razor-sharp teeth.*
You have supernaturally acute eyesight.
You can survive without breathing.*


Message History

You feel sick.
* * * LOW HITPOINT WARNING * * *
You feel sick.
Casting: Magic Dart
Confirm with . or Enter, or press ? or * to list all spells.
Aiming: Magic Dart
Press: ? - help, Shift-Dir - straight line, f/p - worker ant
Aim: a worker ant (heavily wounded)
The magic dart hits the worker ant.
The worker ant is heavily wounded.
* * * LOW HITPOINT WARNING * * *
You feel sick. The worker ant barely misses you.
The worker ant completely misses you.
* * * LOW HITPOINT WARNING * * *
You feel sick.
* * * LOW HITPOINT WARNING * * *
You feel sick.
Use which ability? (? or * to list)
You haven't enough magic at the moment.
You die...

..#............('.........
..'......... #.........
..#......... #.........
..#.######+### #.........
..+......#.#.. ##.........
..#.####.#.#.# #..........
....#....#.#.#+#.a...........
#.....####.#............%.....
#.<........#....@..............
#....#....##....................
######....##....#######........#
..........##....#...............
..........'......................
..........####.#...........#
######.........#...........#
######.....###.#.###...#%..#
.....#.........#.# #%..#...######


You could see a worker ant.

Vanquished Creatures
  2 adders
  A worm (D:4)
  A giant cockroach (D:1)
  2 goblins
  A hobgoblin (D:4)
  3 giant newts
  5 kobolds
  3 rats
18 creatures vanquished.

Notes
Turn   | Place    | Note
--------------------------------------------------------------
     0 | D:1      | PolkaDot, the Vampire Wizard, began the quest for the Orb.
     0 | D:1      | Reached XP level 1. HP: 11/11 MP: 6/6
    77 | D:1      | Reached skill level 1 in Conjurations
   262 | D:1      | Reached XP level 2. HP: 17/17 MP: 6/8
   839 | D:4      | Reached XP level 3. HP: 22/22 MP: 1/10
   971 | D:4      | Learned a level 3 spell: Conjure Flame
  1070 | D:4      | HP: 1/22 [poisoned by a worker ant]
  1071 | D:4      | Succumbed to a worker ant's poison

Action                   || total
-------------------------++-------
Melee: Unarmed           ||    10
       Dagger            ||     2
       Short sword       ||     6
 Cast: Magic Dart        ||    51
  Use: Potion            ||     4
       Scroll            ||     3
